 Dungeon Crawl Stone Soup version 0.31.0-32-g396128a36d (webtiles) character file.

Game seed: 13291930126245717576

12672 unglucky the Cruncher (level 11, -9/130 HPs)
             Began as a Minotaur Monk on Apr 12, 2024.
             Was a High Priest of Trog.
             Mangled by an orc warrior
             ... wielding a +0 trident
              (12 damage)
             ... on level 2 of the Orcish Mines.
             The game lasted 01:15:23 (10165 turns).

unglucky the Cruncher (Minotaur Monk)              Turns: 10165, Time: 01:15:26

Health: -9/130     AC: 21    Str: 15    XL:     11   Next: 65%
Magic:  10/10      EV: 10    Int:  7    God:    Trog [*****.]
Gold:   1034       SH:  0    Dex: 18    Spells: 10/10 levels left

rFire   + . .        i - +4 quarterstaff (chaos)
rCold   + . .        (shield currently unavailable)
rNeg    . . .        B - +0 storm dragon scales
rPois   .            (helmet restricted)
rElec   +            s - +0 cloak
rCorr   .            (no gloves)
SInv    .            h - +1 pair of boots
Will    .....        (no amulet) Stlth
                     z - ring of protection from cold
HPRegen 0.41/turn    e - ring of protection from fire
MPRegen 0.12/turn

%: no passive effects
@: berserking, very quick
A: horns 2, retaliatory headbutt, talons 1, iridescent scales 1, frail 1
a: Renounce Religion, Berserk, Trog's Hand, Brothers in Arms


You were on level 2 of the Orcish Mines.
You worshipped Trog.
Trog was extremely pleased with you.
You visited 3 branches of the dungeon, and saw 13 of its levels.

You collected 1086 gold pieces.
You spent 52 gold pieces at shops.

Inventory:

Hand Weapons
 i - a +4 quarterstaff of chaos (weapon)
 k - a +3 dagger of chaos
 n - a +2 short sword of draining
 o - a +0 glaive
 q - a +0 dire flail
 C - a +3 short sword
 D - a +0 heavy hand axe
 E - a +3 scimitar
 F - a +3 halberd
 G - a +0 vampiric battleaxe
Armour
 d - an orb of light
 h - a +1 pair of boots (worn)
 s - a +0 cloak (worn)
 v - a +0 troll leather armour
 B - +0 storm dragon scales (worn)
Jewellery
 e - a ring of protection from fire (right hand)
 l - a +6 ring of intelligence
 y - a ring of magical power
 z - a ring of protection from cold (left hand)
Talismans
 j - a serpent talisman
 x - a blade talisman
Wands
 b - a wand of polymorph (9)
 u - a wand of roots (13)
 A - a wand of flame (9)
Scrolls
 f - a scroll of identify (quivered)
 r - 2 scrolls of teleportation
 w - a scroll of fog
Potions
 c - 6 potions of ambrosia
 g - a potion of invisibility
 m - a potion of might {unknown}
 p - a potion of magic
 t - 2 potions of enlightenment


   Skills:
 + Level 9.5 Fighting
 - Level 4.5(6.6) Short Blades
 - Level 8.1(8.8) Long Blades
 - Level 2.3(8.9) Polearms
 * Level 13.2(13.3) Staves
 + Level 11.6 Armour
 + Level 5.8 Dodging


You had 10 spell levels left.
You didn't know any spells.
Your spell library contained the following spells:

 Spells                   Type           Power      Damage    Failure   Level
 Necrotise                Necr           0%         1d4       99%         1
 Call Imp                 Summ           0%         N/A       100%        2
 Ensorcelled Hibernation  Hex/Ice        0%         N/A       100%        2
 Sublimation of Blood     Necr           0%         N/A       100%        2
 Passwall                 Erth           0%         N/A       100%        3
 Swiftness                Air            0%         N/A       100%        3
 Summon Hydra             Summ           0%         N/A       100%        7


Dungeon Overview and Level Annotations

Branches:
Dungeon (10/15)            Temple (1/1) D:5             Orc (2/2) D:10
   Lair: D:8-11         Elf: Orc:2

Altars:
Ashenzari
Dithmenos
Elyvilon
Fedhas
Gozag
Hepliaklqana
Kikubaaqudgha
Makhleb
Nemelex Xobeh
Okawaru
Qazlal
Ru
Sif Muna
Trog
Uskayaw
Vehumet
Wu Jian
Xom
Yredelemnul
Zin
The Shining One

Shops:
D:3 =   D:5 *   D:8 *

Portals:
Trove: D:10 (give 18 potions of curing)


Innate Abilities, Weirdness & Mutations

You have a pair of horns on your head.
You reflexively headbutt those who attack you in melee.
You have sharp toenails.
You are partially covered in iridescent scales. (AC +2)
You are frail. (-10% HP)


Message History

You feel the power of Trog in you as your rage grows.
You kill the orc!
Trog accepts your kill. The orc warrior closely misses you.
You furiously retaliate!
You headbutt the orc warrior!
The orc warrior unwields a +0 short sword.
The orc warrior wields a +2 heavy orcbow.
The orc warrior shoots an arrow.
The arrow hits you but does no damage.
An orc comes into view. It is wielding a +0 hand axe.
You hit the orc warrior. You burn the orc warrior.
The orc warrior is severely wounded.
You bludgeon the orc warrior!! You burn the orc warrior.
You kill the orc warrior!
Trog accepts your kill.
The orc priest calls down the wrath of Beogh upon you.
Pain shoots through your body!
* * * LOW HITPOINT WARNING * * *
You bludgeon the orc priest!! You freeze the orc priest!
You kill the orc priest!
Trog accepts your kill.
The orc warrior hits you but does no damage.
You see here a +0 hand axe.
You closely miss the orc priest. The orc priest closely misses you.
The orc warrior hits you with a +0 trident!
* * * LOW HITPOINT WARNING * * *
You hit the orc priest.
The orc priest is moving more slowly.
The orc priest is heavily wounded.
You thump the orc priest! You burn the orc priest.
You feel the power of Trog in you as your rage grows.
You kill the orc priest!
Trog accepts your kill.
The orc warrior shoots an arrow.
The arrow hits you but does no damage.
You catch the helpless orc priest completely off-guard!
You thump the orc priest!
The orc priest suddenly seems more resistant.
You headbutt the orc priest.
You kill the orc priest!
Trog accepts your kill.
The orc warrior hits you with a +0 trident!
You die...

................
....................
....................
........_.........## #####
.................... .....
...........o.o...............
#.......)...o................
#......$)..o))...............
#........#))@................
......$.................#....
..........)).............#...
...........#.................
##........)..............#..#
#...................##..###.
#...........###....###...#..
#...........##......###...#.
##.........####.##.## #...##


You could see 2 orc warriors and 2 orcs.

Vanquished Creatures
  Josephine (Orc:2)
  A centaur warrior (D:9)
  A two-headed ogre (D:10)
  The ghost of Linguinho the Basher, a novice GrFi (D:6)
  An orc knight (Orc:1)
  An ugly thing (D:10)
  3 trolls
  Psyche (D:8)
  A shadow (D:9)
  15 yaks
  2 wyverns
  4 wraiths
  3 acid dragons
  A water moccasin (D:5)
  8 orc warriors
  2 black bears
  A sky beast (D:6)
  An ice beast (D:8)
  2 ogres (Orc:2)
  5 centaurs
  A kobold brigand (D:5)
  Blork the orc (D:5)
  5 bullfrogs
  9 scorpions
  3 wights (D:9)
  18 killer bees
  A howler monkey (D:9)
  A bombardier beetle (D:3)
  Crazy Yiuf (D:6)
  3 hounds
  5 jellies
  8 orc priests
  4 iguanas
  13 orc wizards
  A sleepcap (D:5)
  Natasha (D:2)
  6 adders
  A gnoll (D:3)
  2 shadow imps
  A white imp (D:3)
  A ribbon worm (D:2)
  3 dart slugs
  34 orcs
  6 ball pythons
  11 endoplasms
  4 giant cockroaches
  7 goblins
  9 hobgoblins
  8 jackals
  2 quokkas (D:5)
  5 bats
  5 frilled lizards
  11 kobolds
  8 rats
  A butterfly (D:8)
255 creatures vanquished.

Vanquished Creatures (collateral kills)
  A gargoyle (D:10)
  An orc (D:10)
2 creatures vanquished.

Vanquished Creatures (others)
  An orc (Orc:2)
1 creature vanquished.

Grand Total: 258 creatures vanquished

Notes
Turn   | Place    | Note
-------+----------+-------------------------------------------
     0 | D:1      | unglucky the Minotaur Monk began the quest for the Orb.
     0 | D:1      | Reached XP level 1. HP: 19/19 MP: 0/0
   138 | D:1      | Reached XP level 2. HP: 27/27 MP: 1/1
   159 | D:1      | Gained mutation: You have sharp toenails. [potion of
                  | mutation]
   159 | D:1      | Gained mutation: You are agile. (Dex +4, Str/Int -1)
                  | [potion of mutation]
   159 | D:1      | Gained mutation: Your spells are a little easier to cast,
                  | but a little less powerful. [potion of mutation]
   611 | D:2      | Reached XP level 3. HP: 33/33 MP: 2/2
   745 | D:2      | Reached XP level 4. HP: 39/41 MP: 3/3
   760 | D:2      | Noticed Natasha
   771 | D:2      | Killed Natasha
   925 | D:2      | Reached skill level 5 in Long Blades
  1382 | D:3      | Found a faded altar of an unknown god.
  1456 | D:3      | Reached XP level 5. HP: 47/47 MP: 4/4
  1697 | D:3      | Found a shimmering blue altar of Sif Muna.
  1708 | D:3      | Got Sif Muna's Book of the Spheres
  1792 | D:3      | Found a bloodstained altar of Trog.
  1802 | D:3      | Became a worshipper of Trog the Wrathful
  1802 | D:3      | Reached * piety under Trog
  1802 | D:3      | Reached ** piety under Trog
  1849 | D:3      | Found Cozunyut's Jewellery Emporium.
  1966 | D:4      | Reached skill level 5 in Fighting
  1966 | D:4      | Reached skill level 1 in Armour
  2401 | D:5      | Entered Level 5 of the Dungeon
  2415 | D:5      | Noticed Blork the orc
  2417 | D:5      | Reached XP level 6. HP: 56/56 MP: 5/5
  2421 | D:5      | Killed Blork the orc
  2610 | D:5      | Noticed a water moccasin
  2615 | D:5      | Killed a water moccasin
  2626 | D:5      | Found a basalt altar of Yredelemnul.
  2634 | D:5      | Reached XP level 7. HP: 38/62 MP: 6/6
  2796 | D:5      | Found Ugonomm's General Store.
  2803 | D:5      | Bought a scroll of fear for 52 gold pieces
  2830 | D:5      | Found a staircase to the Ecumenical Temple.
  3139 | D:5      | Found a sparkling altar of Nemelex Xobeh.
  3316 | D:6      | Reached *** piety under Trog
  3317 | D:6      | Reached skill level 1 in Short Blades
  3384 | D:6      | Found a transporter.
  3428 | D:6      | Noticed Linguinho's ghost (novice GrFi)
  3437 | D:6      | Found a transporter.
  3446 | D:6      | Reached XP level 8. HP: 51/71 MP: 7/7
  3453 | D:6      | Reached skill level 5 in Armour
  3505 | D:6      | Killed Linguinho's ghost
  3506 | D:6      | Reached skill level 5 in Dodging
  4071 | D:5      | Lost mutation: You are agile. (Dex +4, Str/Int -1) [potion
                  | of mutation]
  4071 | D:5      | Lost mutation: Your spells are a little easier to cast, but
                  | a little less powerful. [potion of mutation]
  4071 | D:5      | Gained mutation: You are frail. (-10% HP) [potion of
                  | mutation]
  4071 | D:5      | Gained mutation: You are partially covered in iridescent
                  | scales. (AC +2) [potion of mutation]
  4486 | D:4      | Found a hazy altar of Hepliaklqana.
  4559 | Temple   | Entered the Ecumenical Temple
  4709 | D:6      | Reached XP level 9. HP: 51/71 MP: 8/8
  4867 | D:6      | Found a runed translucent door.
  4868 | D:6      | Noticed Crazy Yiuf
  4877 | D:6      | Killed Crazy Yiuf
  4878 | D:6      | Reached skill level 1 in Polearms
  5029 | D:6      | Found a blossoming altar of Fedhas.
  5489 | D:8      | Reached skill level 1 in Staves
  5547 | D:8      | Noticed Psyche
  5556 | D:8      | Killed Psyche
  5557 | D:8      | Reached skill level 2 in Staves
  5624 | D:8      | Found Zin's Purification Station.
  5624 | D:8      | Found a glowing silver altar of Zin.
  5695 | D:8      | Reached skill level 3 in Staves
  5868 | D:8      | Reached skill level 4 in Staves
  5874 | D:8      | Reached skill level 5 in Staves
  6355 | D:8      | Found a runed translucent door.
  6370 | D:8      | Found a runed translucent door.
  6376 | D:8      | Reached skill level 6 in Staves
  6385 | D:8      | Reached XP level 10. HP: 79/79 MP: 9/9
  6638 | D:9      | Noticed a centaur warrior
  6646 | D:9      | Killed a centaur warrior
  6647 | D:9      | Reached skill level 7 in Staves
  6748 | D:9      | Reached skill level 8 in Staves
  6837 | D:9      | Reached skill level 10 in Armour
  6922 | D:9      | Reached skill level 9 in Staves
  7113 | D:9      | Reached **** piety under Trog
  7260 | D:9      | Found an iron altar of Okawaru.
  7260 | D:9      | Found a broken altar of Ashenzari.
  7517 | D:9      | Reached skill level 10 in Staves
  7759 | D:10     | Entered Level 10 of the Dungeon
  7759 | D:10     | Found a radiant altar of Vehumet.
  7769 | D:10     | Noticed a cyan ugly thing
  7781 | D:10     | Killed a cyan ugly thing
  8109 | D:10     | Reached XP level 11. HP: 73/85 MP: 10/10
  8120 | D:10     | Reached skill level 11 in Staves
  8516 | D:10     | Found a portal to a secret trove of treasure.
  8624 | D:10     | Found a staircase to the Orcish Mines.
  8667 | D:10     | Noticed a two-headed ogre
  8676 | D:10     | Killed a two-headed ogre
  8947 | D:10     | Found a sacrificial altar of Ru.
  9111 | Orc:1    | Entered Level 1 of the Orcish Mines
  9111 | Orc:1    | Noticed an orc knight
  9149 | Orc:1    | Killed an orc knight
  9150 | Orc:1    | Reached skill level 12 in Staves
  9702 | Orc:2    | Entered Level 2 of the Orcish Mines
 10108 | Orc:2    | Noticed Josephine
 10131 | Orc:2    | Reached ***** piety under Trog
 10151 | Orc:2    | Killed Josephine
 10152 | Orc:2    | Reached skill level 13 in Staves
 10162 | Orc:2    | HP: 2/130 [orc warrior/+0 trident (7)]
 10165 | Orc:2    | Mangled by an orc warrior

Illustrated notes

Levels and vault maps discovered:
D:1:      psy_arrival_radial01, layout_rooms
D:2:      layout_rooms, chequers_serial_rivers_micro_c, minmay_distorted,
          uniq_natasha
D:3:      layout_rooms, nzn_overflow_gifts_of_might_and_magic, serial_shops,
          shop, shapermc_ecumenical_altar_ellora
D:4:      layout_gridville, mainiacjoe_overflow_small_starburst
D:5:      layout_loops_ring, mainiacjoe_overflow_catwalk,
          nemelex_spade_bored_becter, minmay_temple_entry_mist, serial_shops,
          kennysheep_little_box, grunt_ministairs_6, uniq_blork_the_orc
D:6:      layout_loops_ring, lemuel_tele_altar, gammafunk_ghost_hive,
          grunt_ministairs_10, uniq_crazy_yiuf_cottage
D:7:      layout_loops_corners, chei_slow_surprise
D:8:      lemuel_insect_pit, layout_loops_ring, zin_purify,
          minmay_misc_feat_tiny, uniq_psyche
D:9:      layout_gridville, chequers_temple_overflow_statue_of_worship,
          nrook_mini_vaults
D:10:     layout_irregular_city, mainiacjoe_overflow_concentric_impassable,
          nicolae_ru_path_of_blood, orc_0_dummy, enter_trove_1,
          minmay_rotating_lava
Temple:   hellmonk_temple_flake
Orc:1:    layout_diamond_mine, trog_butcher_becter
Orc:2:    st_orc_pillars, layout_caves, special_room, basic_altar,
          uniq_josephine

Skill      XL: |  1  2  3  4  5  6  7  8  9 10 11 |
---------------+----------------------------------+-----
Long Blades    | 4 5 6 7 8 |  8.1
Fighting       | 4 5 6 7 8 9 |  9.5
Dodging        | 4 5 |  5.8
Armour         | 1 2 4 7 9 10 11 | 11.6
Short Blades   | 1 4 |  4.5
Polearms       | 2 |  2.3
Staves         | 6 10 13 | 13.2

Action                     |  1- 3 |  4- 6 |  7- 9 | 10-12 || total
---------------------------+-------+-------+-------+-------++-------
  Melee: Falchion          |    53 |   128 |    29 |       ||   210
         Headbutt          |     9 |    31 |    46 |    63 ||   149
         Kick              |     9 |    46 |    72 |    21 ||   148
         Short sword       |       |       |    80 |       ||    80
         Glaive            |       |       |    43 |       ||    43
         Quarterstaff      |       |       |    70 |   305 ||   375
 Invoke: Berserk           |       |       |     3 |     5 ||     8
         Trog's Hand       |       |       |       |     2 ||     2
    Use: Potion            |     4 |     5 |    10 |     3 ||    22
         Scroll            |     2 |     5 |     7 |     8 ||    22
   Stab: Confused          |       |       |     1 |     2 ||     3
         Petrifying        |       |       |       |     1 ||     1
         Paralysed         |       |       |       |     1 ||     1
 Armour: Robe              |     6 |       |       |       ||     6
         Chain mail        |    20 |    62 |   181 |       ||   263
         Skin              |       |       |    24 |       ||    24
         Storm dragon scal |       |       |    12 |   298 ||   310
  Dodge: Dodged            |    28 |    38 |   103 |   115 ||   284
